 Dungeon Crawl Stone Soup version 0.30-a0-381-g6ea064c7b4 (webtiles) character file.

Game seed: 18172808978658132546

366 qeuew the Shield-Bearer (level 7, -3/55 HPs)
             Began as a Formicid Fighter on Dec 1, 2022.
             Was a Follower of Ru.
             Slain by a gnoll
             ... wielding a +0 whip
             ... led by a gnoll bouda
              (5 damage)
             ... on level 4 of the Dungeon.
             The game lasted 00:04:16 (2132 turns).

qeuew the Shield-Bearer (Formicid Fighter)          Turns: 2132, Time: 00:04:16

Health: -3/55      AC:  7    Str: 23    XL:     7   Next: 1%
Magic:  7/7        EV: 10    Int:  7    God:    Ru [*.....]
Gold:   140        SH:  5    Dex: 11    Spells: 6/6 levels left

rFire   . . .      SeeInvis +    f - +5 hand axe "Apagun" {holy, Will+}
rCold   . . .      Faith    .    c - +0 buckler
rNeg    . . .      Spirit   .    b - +0 scale mail
rPois   .          Reflect  .    (helmet unavailable)
rElec   .          Harm     .    (no cloak)
rCorr   .          Rampage  .    (no gloves)
Will    ++...                    (no boots)
Stlth   ..........               (no amulet)
HPRegen 0.29/turn                l - ring of willpower
MPRegen 0.10/turn                e - ring of flight

@: mighty, weakened, flying
A: permanent stasis, dig shafts and tunnels, antennae 3, hated by all, four
strong arms, clumsy 1, screaming 1, wild magic 1
a: Dig, Shaft Self, Renounce Religion


You were on level 4 of the Dungeon.
You worshipped Ru.
Ru was aware of your devotion.
You visited 1 branch of the dungeon, and saw 4 of its levels.

You collected 140 gold pieces.

Inventory:

Hand Weapons
 a - a +0 spectral war axe
 f - the +5 hand axe "Apagun" (weapon) {holy, Will+}
   (You found it on level 2 of the Dungeon)

   It has been blessed by the Shining One to cause great damage to the undead
   and demons.
   Will:      It increases your willpower.
Armour
 b - a +0 scale mail (worn)
 c - a +0 buckler (worn)
Jewellery
 e - a ring of flight (right hand)
 l - a ring of willpower (left hand)
Potions
 i - 2 potions of resistance


   Skills:
 + Level 4.6 Fighting
 + Level 3.4 Axes
 + Level 4.5 Armour
 + Level 2.4 Dodging
 + Level 5.5 Shields


You had 6 spell levels left.
You didn't know any spells.
Your spell library contained the following spells:

 Spells                   Type           Power      Damage    Failure   Level
 Apportation              Tloc           0%         N/A       86%         1
 Beastly Appendage        Tmut           0%         N/A       86%         1
 Necrotise                Necr           0%         1d4       86%         1
 Wereblood                Tmut           0%         N/A       94%         2
 Spider Form              Tmut/Pois      0%         N/A       99%         3
 Summon Small Mammal      Summ           Unusable   N/A       N/A         1

Dungeon Overview and Level Annotations

Branches:
Dungeon (4/15)
 Temple: D:4-7

Altars:
Elyvilon
Okawaru
Ru

Annotations:
D:4 1 runed translucent door, ragingrage's ghost, amateur OpVM


Innate Abilities, Weirdness & Mutations

You cannot be hasted, slowed, berserked, paralysed or teleported.
You can dig through walls and to a lower floor.
You have a pair of large antennae on your head. (SInv)
You are hated by all.
Your four strong arms can wield two-handed weapons with a shield.
You are clumsy. (Dex -2)
You occasionally shout uncontrollably at your foes.
Your spells are a little harder to cast, but a little more powerful.


Message History

The gnoll picks up the pace!
The goblin moves out of view.
The gnoll shouts!
You slash the gnoll bouda!
The gnoll bouda is almost dead.
You hit the gnoll. You barely miss the gnoll.
You redirect the gnoll's attack!
The gnoll hits the gnoll bouda with a +0 whip.
The gnoll bouda dies!
The gnoll hits you with a +0 flail.
You have reached level 7!
The gnoll completely misses you. The gnoll hits you with a +0 flail.
Things that are here:
a +0 club; a +0 robe Unknown command.
You hit the gnoll but do no damage.
The gnoll is moderately wounded.
You hit the goblin. You hit the gnoll. The gnoll hits you with a +0 whip.
The gnoll hits you with a +0 flail.
* * * LOW HITPOINT WARNING * * *
The goblin closely misses you. The gnoll hits you but does no damage.
Unknown command.
You feel very mighty all of a sudden.
You block the gnoll's attack. x2; The goblin misses you.
The gnoll hits you but does no damage.
Unknown command.
You hit the goblin.
You kill the goblin!
You closely miss the gnoll. You slash the gnoll! You hit the gnoll.
The gnoll is no longer moving quickly.
The gnoll hits you with a +0 flail!
* * * LOW HITPOINT WARNING * * *
The gnoll hits you with a +0 flail.
* * * LOW HITPOINT WARNING * * *
The gnoll hits you with a +0 whip.
* * * LOW HITPOINT WARNING * * *
The gnoll hits you but does no damage. You block the gnoll's attack.
You completely miss the gnoll.
The gnoll is severely wounded.
You hit the gnoll. x2; The gnoll hits you with a +0 whip.
You die...

.....#~###### .....#F##
..# .....#~# ..#
.....#{# .# ..#
.....#{# ... ..#
.....#{# #... ..####
..#.## #..###...(.#
#...# #...)g....#
..##############@g....#
...............g......#
#################.....#
# .....# # ######


You could see 3 gnolls.

Vanquished Creatures
  Menkaure (D:4)
  An ogre (D:4)
  An orc priest (D:4)
  A gnoll (D:4)
  4 adders
  2 worms
  A dart slug (D:1)
  4 orcs
  9 ball pythons
  3 bats
  6 endoplasms
  2 giant cockroaches (D:4)
  4 goblins
  3 hobgoblins (D:3)
  A quokka (D:1)
  5 frilled lizards
  2 kobolds
  3 rats
53 creatures vanquished.

Vanquished Creatures (others)
  A gnoll bouda (D:4)
  A hobgoblin (D:1)
2 creatures vanquished.

Grand Total: 55 creatures vanquished

Notes
Turn   | Place    | Note
-------+----------+-------------------------------------------
     0 | D:1      | qeuew the Formicid Fighter began the quest for the Orb.
     0 | D:1      | Reached XP level 1. HP: 18/18 MP: 1/1
   137 | D:1      | Reached XP level 2. HP: 24/24 MP: 2/2
   205 | D:1      | Found a faded altar of an unknown god.
   242 | D:1      | Prayed at the altar of an unknown god.
   242 | D:1      | Became a worshipper of Ru the Awakened
   259 | D:1      | Gained mutation: You are hated by all. [Ru sacrifice]
   259 | D:1      | Reached * piety under Ru
   396 | D:1      | Reached XP level 3. HP: 29/29 MP: 3/3
   622 | D:2      | Identified the +5 hand axe "Apagun" {holy, Will+}
   996 | D:2      | Gained mutation: You occasionally shout uncontrollably at
                  | your foes. [potion of mutation]
   996 | D:2      | Gained mutation: You are clumsy. (Dex -2) [potion of
                  | mutation]
   996 | D:2      | Gained mutation: Your spells are a little harder to cast,
                  | but a little more powerful. [potion of mutation]
  1096 | D:3      | Reached skill level 1 in Dodging
  1153 | D:3      | Reached XP level 4. HP: 37/37 MP: 4/4
  1739 | D:3      | Found a white marble altar of Elyvilon.
  1740 | D:3      | Found an iron altar of Okawaru.
  1817 | D:4      | Found a runed translucent door.
  1826 | D:4      | Noticed a bullfrog
  1829 | D:4      | Noticed ragingrage's ghost (amateur OpVM)
  1848 | D:4      | Reached XP level 5. HP: 17/42 MP: 5/5
  1948 | D:4      | Noticed Menkaure
  1954 | D:4      | Killed Menkaure
  1955 | D:4      | Reached skill level 5 in Shields
  1955 | D:4      | Reached XP level 6. HP: 28/49 MP: 6/6
  2103 | D:4      | Noticed an ogre
  2114 | D:4      | Killed an ogre
  2128 | D:4      | Reached XP level 7. HP: 24/55 MP: 7/7
  2131 | D:4      | HP: 2/55 [gnoll/+0 whip[a gnoll bouda] (2)]
  2132 | D:4      | Slain by a gnoll

Illustrated notes

Levels and vault maps discovered:
D:1:      denvon_arrival_waterhouse, layout_basic,
          chequers_ecumenical_altar_island
D:2:      layout_rooms
D:3:      layout_loops_cross, nicolae_overflow_squiral, minivault_23
D:4:      layout_rooms, nicolae_wu_jian_immortal_techniques,
          ebering_ghost_sewer_d, kennysheep_generic_room_9, uniq_menkaure

Skill      XL: |  1  2  3  4  5 |
---------------+----------------+-----
Dodging        | 1 2 |  2.4
Fighting       | 4 |  4.6
Armour         | 4 |  4.5
Axes           | 3 |  3.4
Shields        | 5 |  5.5

Action                   |  1- 3 |  4- 6 |  7- 9 || total
-------------------------+-------+-------+-------++-------
Melee: War axe           |    32 |       |       ||    32
       Hand axe          |    23 |    83 |     3 ||   109
Invok: Sacrifice Love    |     1 |       |       ||     1
  Use: Potion            |     6 |     2 |     1 ||     9
       Scroll            |     4 |     1 |       ||     5
Armor: Scale mail        |    25 |    23 |     3 ||    51
Dodge: Dodged            |    22 |    19 |     3 ||    44
Block: Buckler           |    18 |    24 |     3 ||    45

Table legend: (Time is in decaauts)
 A = Elapsed time spent in this place.
 B = Non-inter-level travel time spent in this place.
 C = Inter-level travel time spent in this place.
 D = Time resting spent in this place.
 E = Time spent auto-exploring this place.
 F = Levels seen in this place.
 G = Mean time per level.
                   A        B        C        D        E       F      G
               +--------+--------+--------+--------+--------+-----+--------+
         Total |   2177 |   2099 |     78 |      0 |   1693 |   4 |  544.2 |
       Dungeon |   2177 |   2099 |     78 |      0 |   1693 |   4 |  544.2 |
               +--------+--------+--------+--------+--------+-----+--------+

Top non-repeatable levels by time:
     D:3: 801 daAuts
     D:1: 637 daAuts
     D:2: 403 daAuts
     D:4: 335 daAuts
